 Dungeon Sprint DCSS version 0.17-a0-1954-g0dddeaa (webtiles) character file.

914 kosy22 the Grappler (level 8, -2/80 HPs)
             Began as a Hill Orc Monk on Oct 3, 2015.
             Was a Priest of Beogh.
             Slain by a seven-headed hydra (7 damage)
             ... in the Dungeon (Sprint IX: "|||||||||||||||||||||||||||||").
             The game lasted 00:04:05 (522 turns).

kosy22 the Grappler (Hill Orc Monk)                  Turns: 522, Time: 00:04:06

Health: -2/80      AC:  5    Str: 16    XL:     8   Next: 9%
Magic:  1/9        EV: 17    Int: 10    God:    Beogh [***...]
Gold:   0          SH:  0    Dex: 16    Spells: 0 memorised, 7 levels left

rFire  . . .     SeeInvis .     l - +3 war axe (freeze)
rCold  . . .     Clarity  .     a - +0 robe
rNeg   . . .     SustAt   .     (no shield)
rPois  .         Gourm    .     (no helmet)
rElec  .         Spirit   .     m - +0 cloak
rCorr  .         Warding  .     (no gloves)
rMut   .         NoTele   +     (no boots)
MR     .....                    (no amulet)
Stlth  +++.......               o - +3 ring of dexterity
                                p - +2 ring of protection

@: very slightly contaminated, not resistant to hostile enchantments, fairly
stealthy
A: no striking features
a: Smiting, Renounce Religion


You were in the Dungeon.
You worshipped Beogh.
Beogh was most pleased with you.
You were not hungry.

You visited 1 branch

Inventory:

Hand weapons
 l - a +3 war axe of freezing (weapon)
Armour
 a - a +0 robe (worn)
 m - a +0 cloak (worn)
 n - a +0 plate armour
Jewellery
 o - a +3 ring of dexterity (right hand)
 p - a +2 ring of protection (left hand)
Magical devices
 k - a wand of draining (7)
Scrolls
 i - 3 scrolls of remove curse
 j - 2 scrolls of amnesia
Potions
 c - 4 potions of curing
 e - a potion of haste
 f - 4 potions of magic
Comestibles
 b - a bread ration


   Skills:
 + Level 10.3 Fighting
 + Level 3.1 Axes
 + Level 7.6 Dodging
 + Level 3.8 Stealth
 + Level 12.9 Unarmed Combat
 + Level 1.8 Invocations


You had 7 spell levels left.
You didn't know any spells.

Dungeon Overview and Level Annotations

Branches:
Dungeon (1/1)

Altars:
Cheibriados
Dithmenos
Elyvilon
Fedhas
Gozag
Kikubaaqudgha
Makhleb
Nemelex Xobeh
Okawaru
Qazlal
Ru
Sif Muna
Trog
Vehumet
Xom
Yredelemnul
Zin
The Shining One
Beogh
Jiyva
Lugonu


Message History

There is an opulent altar of Gozag here.
There is a sacrificial altar of Ru here.
The seven-headed hydra bites you. The seven-headed hydra bites you!
* * * LOW HITPOINT WARNING * * *
The seven-headed hydra closely misses you.
The seven-headed hydra bites you!
* * * LOW HITPOINT WARNING * * *
The seven-headed hydra bites you. Beogh protects you from harm!
The seven-headed hydra closely misses you.
The seven-headed hydra bites you but does no damage.
There is an open door, spattered with blood here.
Drink which item? (? for menu, Esc to quit)
You feel better.
The seven-headed hydra closely misses you.
The seven-headed hydra misses you. The seven-headed hydra bites you.
* * * LOW HITPOINT WARNING * * *
The seven-headed hydra barely misses you.
The seven-headed hydra bites you!
You die... ▓▓▓▓▓▓▓▓▓▓▓▓▓▓▓▓▓▓▓▓▓▓▓▓▓▓▓▓▓▓▓▓▓ _______________D@D.|).[...'...... ▓▓▓▓▓▓▓▓▓▓▓▓▓▓▓▓▓▓▓▓▓▓▓▓▓▓▓▓▓▓▓▓▓

You could see an eight-headed hydra and a seven-headed hydra.

Vanquished Creatures
  A hill giant (D)
  A yak (D)
  An ogre (D)
  A giant frog (D)
  A scorpion (D)
  A hound (D)
  A worker ant (D)
  3 orcs (D)
  2 giant cockroaches (D)
  A bat (D)
  A giant cockroach zombie (D)
  A goblin (D)
  A rat (D)
16 creatures vanquished.

Notes
Turn   | Place    | Note
--------------------------------------------------------------
     0 | D        | kosy22 the Hill Orc Monk began the quest for the Orb.
     0 | D        | Reached XP level 1. HP: 19/19 MP: 1/1
    12 | D        | Reached skill level 5 in Unarmed Combat
    31 | D        | Noticed a hound
    31 | D        | Noticed an ogre
    34 | D        | Killed a hound
    34 | D        | Reached skill level 5 in Fighting
    34 | D        | Reached skill level 6 in Unarmed Combat
    34 | D        | Reached XP level 2. HP: 29/29 MP: 2/2
    34 | D        | Reached XP level 3. HP: 36/36 MP: 3/3
    47 | D        | Killed an ogre
    47 | D        | Reached skill level 8 in Unarmed Combat
    47 | D        | Reached XP level 4. HP: 31/45 MP: 4/4
    47 | D        | Reached XP level 5. HP: 35/51 MP: 5/5
   192 | D        | Found a glowing silver altar of Zin.
   192 | D        | Found a glowing golden altar of the Shining One.
   192 | D        | Found an ancient bone altar of Kikubaaqudgha.
   192 | D        | Found a basalt altar of Yredelemnul.
   192 | D        | Found a shimmering altar of Xom.
   192 | D        | Found a radiant altar of Vehumet.
   193 | D        | Found an iron altar of Okawaru.
   194 | D        | Found a burning altar of Makhleb.
   195 | D        | Found a deep blue altar of Sif Muna.
   196 | D        | Found a bloodstained altar of Trog.
   197 | D        | Found a sparkling altar of Nemelex Xobeh.
   198 | D        | Found a white marble altar of Elyvilon.
   199 | D        | Found a roughly hewn altar of Beogh.
   200 | D        | Found a viscous altar of Jiyva.
   201 | D        | Found a corrupted altar of Lugonu.
   202 | D        | Found a blossoming altar of Fedhas.
   203 | D        | Found a snail-covered altar of Cheibriados.
   204 | D        | Found a shadowy altar of Dithmenos.
   205 | D        | Found a stormy altar of Qazlal.
   206 | D        | Found an opulent altar of Gozag.
   207 | D        | Became a worshipper of Beogh the Brigand
   207 | D        | Acquired Beogh's first power
   207 | D        | Acquired Beogh's second power
   208 | D        | Found a sacrificial altar of Ru.
   243 | D        | Noticed a giant frog
   243 | D        | Noticed a yak
   243 | D        | Noticed a scorpion
   243 | D        | Noticed a hill giant
   243 | D        | Noticed a worker ant
   246 | D        | Killed a giant frog
   246 | D        | Reached skill level 5 in Dodging
   246 | D        | Reached skill level 10 in Unarmed Combat
   250 | D        | Killed a yak
   250 | D        | Reached skill level 11 in Unarmed Combat
   250 | D        | Reached XP level 6. HP: 31/62 MP: 6/6
   303 | D        | Killed a hill giant
   303 | D        | Reached skill level 10 in Fighting
   303 | D        | Reached skill level 12 in Unarmed Combat
   303 | D        | Reached skill level 1 in Invocations
   303 | D        | Reached XP level 7. HP: 30/72 MP: 6/8
   303 | D        | Reached XP level 8. HP: 32/79 MP: 6/9
   365 | D        | Killed a scorpion
   365 | D        | Acquired Beogh's third power
   412 | D        | Killed a worker ant
   434 | D        | Noticed a seven-headed hydra
   434 | D        | Noticed an eye of draining
   434 | D        | Noticed a seven-headed hydra
   434 | D        | Noticed a troll
   521 | D        | HP: 2/80 [seven-headed hydra (15)]
   521 | D        | Beogh protects you from harm!
   522 | D        | Slain by a seven-headed hydra

Vault maps used:
D:        linesprint

Action                   |  1- 3 |  4- 6 |  7- 9 || total
-------------------------+-------+-------+-------++-------
Melee: Unarmed           |    31 |       |       ||    31
       War axe           |       |    14 |     8 ||    22
Invok: Smiting           |       |     1 |     3 ||     4
  Use: Potion            |     1 |     4 |     1 ||     6
       Scroll            |       |       |     2 ||     2
 Stab: Sleeping          |     1 |       |     1 ||     2
